AoeStats
← JillVibesDotCom

Black Forest

514441663Analyzed
2v2 RM · 23h ago on Oct 18, 2026· 45m 44s· 4 players
Game mode
Random Map
Map size
Medium (4 player)
Population
200
Speed
Normal
Resources
Standard
Victory
Conquest
Starting age
Dark Age
Ending age
Imperial Age
RankedLock teamsTeams togetherTeam positionsShared explorationLock speedFull tech treeHidden civsTurbo modeCheats
Victory
Defeat
🇵🇪 Byzantines · Peru
962
+14
🇨🇱 Mapuche · Chile
940
+15
vs
🇺🇸 Britons · United States
938
-15
🇺🇸 Aztecs · United States
909
-14
CLaudio VIII
4:22 Loom
8:18 Feudal Age
17:05 Castle Age
14:56 Double-Bit Axe
16:41 Forging
16:30 Horse Collar
21:48 Heavy Plow
27:14 Wheelbarrow
27:38 Gold Mining
31:22 Imperial Age
29:12 Bow Saw
30:55 Iron Casting
31:04 Hand Cart
31:30 Fletching
33:30 Gold Shaft Mining
33:38 Crop Rotation
34:00 Bodkin Arrow
36:19 Blast Furnace
36:25 Padded Archer Armor
37:50 Chemistry
37:11 Ballistics
36:47 Murder Holes
36:41 Town Watch
37:41 Heavy Scorpion
40:00 Conscription
39:04 Elite Kona
40:04 Leather Archer Armor
43:57 Malon
arturo0110
3:52 Loom
9:54 Feudal Age
11:00 Double-Bit Axe
16:48 Wheelbarrow
19:36 Castle Age
22:48 Bow Saw
22:20 Horse Collar
25:35 Heavy Plow
26:19 Fletching
30:40 Imperial Age
29:02 Hand Cart
30:18 Fortified Wall
32:01 Ballistics
31:35 Capped Ram
33:22 Chemistry
32:22 Bodkin Arrow
32:28 Padded Archer Armor
32:58 Pikeman
33:38 Squires
33:23 Arson
34:01 Leather Archer Armor
33:46 Bracer
33:57 Forging
33:47 Scale Mail Armor
33:52 Scale Barding Armor
34:12 Conscription
34:04 Elite Skirmisher
35:12 Siege Ram
39:12 Two-Man Saw
38:50 Iron Casting
38:15 Bracer
38:38 Halberdier
39:36 Chain Mail Armor
41:54 Elite Cataphract
42:46 Logistica
44:42 Ring Archer Armor
44:43 Plate Mail Armor
44:33 Chain Barding Armor
JillVibesDotCom
1:02 Loom
11:11 Feudal Age
19:03 Castle Age
18:17 Double-Bit Axe
22:51 Bow Saw
22:58 Pikeman
24:01 Scale Mail Armor
24:31 Horse Collar
25:58 Fletching
28:31 Forging
30:13 Bodkin Arrow
31:24 Padded Archer Armor
33:11 Iron Casting
37:20 Imperial Age
36:05 Stone Mining
37:16 Leather Archer Armor
37:21 Elite Longbowman
38:53 Conscription
38:58 Fortified Wall
41:23 Cavalier
bowerca93
0:42 Loom
13:52 Feudal Age
15:21 Double-Bit Axe
15:17 Horse Collar
20:20 Castle Age
19:30 Fletching
19:40 Padded Archer Armor
27:22 Wheelbarrow
30:33 Heavy Plow
31:24 Bow Saw
34:22 Imperial Age
32:19 Gold Mining
32:19 Stone Mining
32:45 Caravan
33:21 Hand Cart
33:06 Town Watch
33:34 Forging
33:25 Scale Mail Armor
33:52 Town Patrol
34:09 Pikeman
34:35 Gambesons
34:50 Squires
34:37 Eagle Warrior
35:49 Block Printing
36:33 Scale Mail Armor
37:08 Iron Casting
36:06 Onager
38:45 Chain Mail Armor
39:30 Blast Furnace
38:51 Bodkin Arrow
39:14 Fortified Wall
41:21 Redemption
41:40 Illumination
41:37 Sanctity
41:30 Fervor
43:34 Bracer
44:05 Plate Mail Armor
Connection lost

Rejoining the realm…

Still unreachable

The connection could not be restored.

Session expired

The server has moved on; the page needs a fresh start.